[Event "*** Titled Tuesday 3|2 Blitz"]
[Site "Chess.com"]
[Date "2014.12.30"]
[Round "2"]
[White "GeorgMeier"]
[Black "bugsbunny444"]
[Result "1-0"]
[WhiteElo "2633"]
[BlackElo "2232"]
[TimeControl "180+2"]
[EndTime "11:17:28 PST"]
[Termination "GeorgMeier won by resignation"]

1. Nf3 d5 2. g3 Nc6 3. Bg2 e5 4.
O-O Be6 5. d3 f6 6. a3 Qd7 7. b4 Bh3 8. Nbd2 O-O-O 9. e4 Nce7 10. Qe2 h5 11. Re1 h4 12. Bxh3 Qxh3 13. Qf1 hxg3 14.
fxg3 Qh5 15. Qg2 Nh6 16. Nf1 Ng4 17. Bd2 dxe4 18. Rxe4 Ng6 19. h3 Nh6 20. g4 Nxg4 21.
Rxg4 Ne7 22. Rh4 1-0

[Event "*** Titled Tuesday 3|2 Blitz"]
[Site "Chess.com"]
[Date "2014.12.30"]
[Round "2"]
[White "grandmastergauri"]
[Black "steinitz_attack"]
[Result "1-0"]
[WhiteElo "2258"]
[BlackElo "1787"]
[TimeControl "180+2"]
[EndTime "11:17:49 PST"]
[Termination "grandmastergauri won by checkmate"]

1. e4 e5 2. Nf3 Nc6 3. Bc4 Nd4 4.
Nxd4 exd4 5. d3 Qf6 6. O-O Bc5 7. f4 d6 8. f5 Ne7 9. Qh5 O-O 10. Bg5 Qe5 11. Bf4 Qf6 12. Bg5 Qe5 13. Nd2 Nc6 14. Nf3 Qe8 15. f6 Qd7 16. fxg7 Re8 17. Nh4 Ne5 18. Nf5 Ng6 19. Bxf7+ Kxf7 20. Qxh7 Ke6 21. Qxg6+ Ke5 22. Qf6# 1-0

[Event "*** Titled Tuesday 3|2 Blitz"]
[Site "Chess.com"]
[Date "2014.12.30"]
[Round "2"]
[White "Hafez_Bakr"]
[Black "playerzr"]
[Result "1-0"]
[WhiteElo "1771"]
[BlackElo "1870"]
[TimeControl "180+2"]
[EndTime "11:18:23 PST"]
[Termination "Hafez_Bakr won by resignation"]

1. c4 Nf6 2. Nc3 g6 3. Nf3 Bg7 4.
d3 O-O 5. Bf4 d6 6. Qd2 Re8 7.
Bh6 Bh8 8. h4 c6 9. h5 e5 10.
hxg6 fxg6 11. Bg5 Qc7 12. Bxf6 Bxf6 13. Qh6 Qg7 14. Qh2 Nd7 15. g3 Nf8 16. Bh3 e4 17.
Nxe4 Rxe4 18. dxe4 Bxb2 19. Rb1 Bf6 20. Kf1 a5 21. g4 a4 22. Qxd6 a3 23. g5 Bxh3+ 24.
Rxh3 Be7 25. Qc7 Rd8 26. Rxb7 Rd1+ 27. Kg2 Ne6 28. Rb8+ Kf7 29. Ne5+ 1-0

[Event "*** Titled Tuesday 3|2 Blitz"]
[Site "Chess.com"]
[Date "2014.12.30"]
[Round "2"]
[White "gumersindo"]
[Black "GedoGluperd"]
[Result "1/2-1/2"]
[WhiteElo "2106"]
[BlackElo "2313"]
[TimeControl "180+2"]
[EndTime "11:18:46 PST"]
[Termination "Game drawn by repetition"]

1. d4 g6 2. c4 Bg7 3. Nf3 d6 4.
Nc3 Nf6 5. e4 O-O 6. Be2 e5 7.
O-O Nc6 8. d5 Ne7 9. Ne1 Nd7 10.
Nd3 f5 11. f3 Nf6 12. Be3 f4 13.
Bf2 g5 14. c5 Rf7 15. g4 fxg3 16. hxg3 Ng6 17. cxd6 cxd6 18. Rc1 h5 19. Be3 Ne8 20. Qd2 Bf6 21. Kg2 h4 22. g4 Nf4+ 23. Nxf4 exf4 24. Bd4 a6 25. Na4 b5 26. Nb6 Rb8 27.
Nxc8 Rxc8 28. Rxc8 Qxc8 29. Rc1 Qd8 30. Rc6 Bxd4 31.
Qxd4 Qa5 32. Rc8 Re7 33. Qf6 Qe1 34. Qxg5+ Kf7 35. Qxf4+ Nf6 36. g5 Qxe2+ 37. Kh3 Qf1+ 38. Kxh4 Qh1+ 39. Kg3 Qg1+ 40. Kh3 Qh1+ 41. Kg3 Qg1+ 42. Kh3 Qh1+ 43. Kg3 Qg1+ 44. Kh3 Qh1+ 45. Kg3 Qg1+ 46. Kh3 1/2-1/2

[Event "*** Titled Tuesday 3|2 Blitz"]
[Site "Chess.com"]
[Date "2014.12.30"]
[Round "2"]
[White "AlmirDzhumaev"]
[Black "bsmail"]
[Result "1-0"]
[WhiteElo "2079"]
[BlackElo "2155"]
[TimeControl "180+2"]
[EndTime "11:18:51 PST"]
[Termination "AlmirDzhumaev won by resignation"]

1. e4 c5 2. Nc3 g6 3. g3 Bg7 4. Bg2 d6 5. d3 Nc6 6. Be3 Rb8 7. Qd2 b5 8. Nd1 e6 9. c3 Nge7 10. Bh6 Kf8 11. h4 Ng8 12. Bxg7+ Kxg7 13. h5 Nf6 14. h6+ Kf8 15. f4 Bb7 16. Ne3 Ke7 17. g4 Re8 18. g5 Nd7 19. Ng4 Kf8 20. Ne2 Kg8 21. O-O a5 22. Ng3 b4 23. Rf2 a4 24. Raf1 bxc3 25. bxc3 a3 26. f5 exf5 27. exf5 Nce5 28. fxg6 fxg6 29. Bxb7 Rxb7 30. Nf6+ Nxf6 31. Rxf6 Qe7 32. Qg2 Rb2 33. Qd5+ Kh8 34. Ne4 Re2 35. Nxd6 Rf8 36. Rxf8+ 1-0

[Event "*** Titled Tuesday 3|2 Blitz"]
[Site "Chess.com"]
[Date "2014.12.30"]
[Round "2"]
[White "gmsakk"]
[Black "davopetr"]
[Result "0-1"]
[WhiteElo "2363"]
[BlackElo "2557"]
[TimeControl "180+2"]
[EndTime "11:19:05 PST"]
[Termination "davopetr won by resignation"]

1. d4 Nf6 2. c4 g6 3. Nc3 Bg7 4. e4 d6 5. Nf3 O-O 6. Be2 e5 7. Be3 h6 8. dxe5 Ng4 9. Bd2 Nxe5 10. Nxe5 dxe5 11. O-O Nc6 12. c5 Be6 13. Qc1 Kh7 14.
Rd1 Nd4 15. Bf1 Qh4 16. f3 Rad8 17. Be1 Qe7 18. b4 a5 19. Nb5 axb4 20. Nxd4 Rxd4 21.
Rxd4 exd4 22. Bxb4 d3 23. Rb1 Bxa2 24. c6 Qd8 25. Rb2 Qd4+ 26. Rf2 Qxb4 27. Rxa2 bxc6 28. Qd1 Rd8 29. Rd2 Ra8 30. Rxd3 Ra1 31. Qd2 Qb6+ 32. Qf2 c5 0-1

[Event "*** Titled Tuesday 3|2 Blitz"]
[Site "Chess.com"]
[Date "2014.12.30"]
[Round "2"]
[White "megarompa"]
[Black "WanderingPuppet"]
[Result "1-0"]
[WhiteElo "2255"]
[BlackElo "2053"]
[TimeControl "180+2"]
[EndTime "11:19:10 PST"]
[Termination "megarompa won by resignation"]

1. d4 Nf6 2. c4 g6 3. Nc3 Bg7 4.
e4 d6 5. f4 O-O 6. Nf3 Na6 7. e5 dxe5 8. fxe5 Nd7 9. Bg5 c5 10.
Be2 cxd4 11. Nd5 Re8 12. Qxd4 Qa5+ 13. Kf2 Ndc5 14. Nxe7+ Kh8 15. Bf6 Ne6 16. Qe3 Bd7 17. a3 Nb8 18. b4 Qc7 19. Nd5 Qc8 20. h4 Bc6 21. h5 Bxd5 22. cxd5 Nf8 23. hxg6 Bxf6 24.
gxf7 Re7 25. e6 Nc6 26. Bd3 Qc7 27. Bxh7 Nxh7 28. Rxh7+ Kxh7 29. Rh1+ Kg6 30. Rh6+ Kf5 31. Rh5+ 1-0

[Event "*** Titled Tuesday 3|2 Blitz"]
[Site "Chess.com"]
[Date "2014.12.30"]
[Round "2"]
[White "Bigc08"]
[Black "AUSSIE_PINOY"]
[Result "1-0"]
[WhiteElo "2024"]
[BlackElo "2291"]
[TimeControl "180+2"]
[EndTime "11:19:17 PST"]
[Termination "Bigc08 won by resignation"]

1. e4 c5 2. Nf3 a6 3. c3 e6 4. d4 b6 5. Bd3 Bb7 6. O-O Qc7 7. Re1 d6 8. Nbd2 Nd7 9. Nf1 Ngf6 10.
Bf4 Be7 11. Bg3 b5 12. Rc1 Rc8 13. Bb1 O-O 14. e5 dxe5 15. dxe5 Nd5 16. Qd3 g6 17.
Ne3 c4 18. Nxd5 Bxd5 19. Qe3 Nc5 20. Rcd1 Rfd8 21. Qh6 Bxf3 22. gxf3 Rxd1 23. Rxd1 Rd8 24. Rd4 Rxd4 25. cxd4 Nd3 26. Qd2 Qc6 27. Bxd3 cxd3 28.
Qxd3 Qc1+ 29. Kg2 Qxb2 30. d5 exd5 31. Qxd5 Qe2 32. Qa8+ Kg7 33. Qxa6 Qc4 34. h3 h5 35.
Qa7 Bc5 36. Qc7 h4 37. Bxh4 Qxh4 38. Qxc5 Qg5+ 39. Kf1 Qc1+ 40. Qxc1 1-0

[Event "*** Titled Tuesday 3|2 Blitz"]
[Site "Chess.com"]
[Date "2014.12.30"]
[Round "2"]
[White "Irochka83"]
[Black "A-Fier"]
[Result "0-1"]
[WhiteElo "2306"]
[BlackElo "2558"]
[TimeControl "180+2"]
[EndTime "11:19:25 PST"]
[Termination "A-Fier won on time"]

1. Nf3 Nf6 2. g3 g6 3. Bg2 Bg7 4. O-O O-O 5. c4 c6 6. d4 d5 7. cxd5 cxd5 8. Ne5 Ne4 9. Nd2 Nxd2 10. Bxd2 Nc6 11.
Nxc6 bxc6 12. Be3 e5 13. dxe5 Bxe5 14. Bd4 Qf6 15. Bxe5 Qxe5 16. Qd2 Ba6 17. Rfe1 Rfd8 18. Rac1 Rac8 19. Rc5 Qe7 20. Qd4 Rd6 21. e3 Bb7 22.
Rec1 Re8 23. Ra5 a6 24. b4 Re6 25. Bf1 Re4 26. Qd2 Rxb4 27. a3 Re4 28. Bxa6 Ba8 29.
Bd3 Re5 30. Rac5 h5 31. h4 g5 32. hxg5 Rxg5 33. Kf1 Qe6 34. Qb4 Qh3+ 35. Ke2 Qg2 36. Qf4 Rge5 37. Kd2 Qh3 38. Be2 Rf5 39. Qh6 Re6 0-1

[Event "*** Titled Tuesday 3|2 Blitz"]
[Site "Chess.com"]
[Date "2014.12.30"]
[Round "2"]
[White "RitvarsReimanis"]
[Black "liczner"]
[Result "1-0"]
[WhiteElo "2292"]
[BlackElo "2396"]
[TimeControl "180+2"]
[EndTime "11:20:06 PST"]
[Termination "RitvarsReimanis won on time"]

1. d4 Nf6 2. c4 g6 3. Nf3 Bg7 4. g3 d5 5. Bg2 dxc4 6. Qa4+ Nc6 7.
Qxc4 O-O 8. O-O Be6 9. Qa4 Nd5 10. Qd1 Nb6 11. e3 Bc4 12. Re1 e5 13. Nxe5 Nxe5 14. dxe5 Bxe5 15. Bxb7 Qxd1 16. Rxd1 Rad8 17. Re1 Na4 18.
Nd2 Bd3 19. Nf3 Bf6 20. Nd4 c5 21. Bc6 Nb6 22. Ne2 Rc8 23. Bf3 Na4 24. Nf4 Bc2 25.
Nd5 Bd8 26. b3 Nb6 27. Bb2 Nxd5 28. Bxd5 Ba5 29. Rec1 Bf5 30. e4 Bg4 31. Kg2 Be6 32.
Bf6 1-0

[Event "*** Titled Tuesday 3|2 Blitz"]
[Site "Chess.com"]
[Date "2014.12.30"]
[Round "2"]
[White "THORK"]
[Black "DanielNaroditsky"]
[Result "0-1"]
[WhiteElo "2204"]
[BlackElo "2466"]
[TimeControl "180+2"]
[EndTime "11:20:11 PST"]
[Termination "DanielNaroditsky won by resignation"]

1. e4 e5 2. Nc3 Nc6 3. Bc4 Nf6 4.
d3 Bb4 5. Ne2 d5 6. exd5 Nxd5 7.
O-O Be6 8. Bb3 O-O 9. Kh1 Re8 10. f4 exf4 11. Bxf4 Nxf4 12. Nxf4 Bxb3 13. axb3 Bd6 14.
Qg4 Ne5 15. Qh3 c6 16. Nh5 Qd7 17. Qxd7 Nxd7 18. Ne4 Be5 19. c3 g6 20. Nf4 f5 21.
Ng3 Bxf4 22. Rxf4 Nc5 23. Rd1 Rad8 24. d4 Nxb3 25. h4 Na5 26. h5 Nc4 27. hxg6 hxg6 28.
Rf2 Re3 29. Nf1 Re4 30. Rd3 Rde8 31. Rg3 Kf7 32. Rh3 Kg7 33. Kh2 Re2 34. Rxe2 Rxe2 35. b3 Na5 36. b4 Nc4 37. Rf3 b6 38. Kg3 a5 39. bxa5 bxa5 40. Rd3 a4 41. d5 cxd5 42. Rxd5 a3 43. Rd7+ Kf6 44. Ra7 a2 45. Kf3 Re1 46. Ra6+ Ke5 47. Rxa2 Rxf1+ 48. Kg3 Ne3 49. Ra5+ Kf6 50.
Ra6+ Kg5 51. Re6 Rc1 52. Kf3 Nd5 53. Re5 Rxc3+ 54. Kf2 Nf4 55. Re8 Rc2+ 56. Kf3 Nxg2 57. Rh8 Nh4+ 58. Kg3 Rc3+ 59. Kh2 Kg4 60. Rh7 Rc2+ 61.
Kh1 Kg3 0-1

[Event "*** Titled Tuesday 3|2 Blitz"]
[Site "Chess.com"]
[Date "2014.12.30"]
[Round "2"]
[White "MisaPap"]
[Black "Yaacovn"]
[Result "0-1"]
[WhiteElo "2328"]
[BlackElo "2610"]
[TimeControl "180+2"]
[EndTime "11:20:13 PST"]
[Termination "Yaacovn won by resignation"]

1. e4 c6 2. d4 d5 3. Nd2 dxe4 4.
Nxe4 Nf6 5. Nxf6+ gxf6 6. Ne2 Bg4 7. Qd3 Bh5 8. Nf4 Bg6 9. Qb3 Qc7 10. h4 e6 11. Be3 Bd6 12. g3 Be4 13. Rg1 Qb6 14. O-O-O Nd7 15. Be2 h6 16. f3 Bh7 17. g4 O-O-O 18. Qxb6 axb6 19. Nh5 Bg6 20. Ng3 h5 21. g5 Rdg8 22. Ne4 Be7 23. Rg2 f5 24. Nf2 b5 25.
Nh3 Nb6 26. Nf4 Bd6 27. c3 Kd7 28. b3 Ra8 29. Kb1 Ra7 30. Bc1 Rha8 31. Bd3 Bxf4 32. Bxf4 Nd5 33. Bd2 Rxa2 0-1

[Event "*** Titled Tuesday 3|2 Blitz"]
[Site "Chess.com"]
[Date "2014.12.30"]
[Round "2"]
[White "LuckyTiger"]
[Black "KestutisLabeckas"]
[Result "0-1"]
[WhiteElo "2423"]
[BlackElo "2370"]
[TimeControl "180+2"]
[EndTime "11:20:14 PST"]
[Termination "KestutisLabeckas won by resignation"]

1. e4 c6 2. d4 d5 3. Nc3 dxe4 4.
Nxe4 Bf5 5. Ng3 Bg6 6. h4 h6 7. Nf3 Nd7 8. h5 Bh7 9. Bd3 Bxd3 10. Qxd3 e6 11. Bd2 Ngf6 12. O-O-O Be7 13. Kb1 O-O 14.
Ne4 c5 15. Rhg1 Rc8 16. g4 cxd4 17. Nxf6+ Bxf6 18. g5 Nc5 19. Qa3 hxg5 20. Nxg5 d3 21. c3 Qd5 22. Qb4 Qf5 23. Rg2 Kh8 24. Rdg1 a5 25.
Qh4 b5 26. h6 g6 27. Rg4 e5 28. R1g3 Ne6 29. h7 Qxf2 30. Rg2 Qf1+ 31. Qe1 Qxe1+ 32.
Bxe1 Nxg5 33. Rxg5 Bxg5 34. Rxg5 f6 35. Rxg6 Kxh7 36. Rg3 0-1

[Event "*** Titled Tuesday 3|2 Blitz"]
[Site "Chess.com"]
[Date "2014.12.30"]
[Round "2"]
[White "ecwinslow"]
[Black "chessmachined"]
[Result "0-1"]
[WhiteElo "1994"]
[BlackElo "2145"]
[TimeControl "180+2"]
[EndTime "11:20:14 PST"]
[Termination "chessmachined won by resignation"]

1. e4 g6 2. d4 c6 3. Nc3 d5 4.
h3 Bg7 5. Nf3 dxe4 6. Nxe4 Nd7 7.
Bc4 Ngf6 8. Ng3 O-O 9. O-O b5 10.
Bb3 Bb7 11. c3 c5 12. Re1 a5 13. dxc5 Nxc5 14. Bc2 Qc7 15. Nd4 b4 16. cxb4 axb4 17. Be3 e5 18. Nb3 Qc6 19. f3 Na4 20. Qe2 e4 21.
Nxe4 Nd5 22. Bd4 Bxd4+ 23. Nxd4 Qb6 24. Qf2 Nxb2 25. Rab1 Na4 26. Bb3 Nac3 27. Rbc1 Nxe4 28. Rxe4 Nc3 29. Re7 Bd5 30. Rce1 Bxb3 31. axb3 Ra2 32. Qe3 Nd5 33. Qd3 Nf4 34. Qc4 Rxg2+ 35. Kh1 Rg3 36. Re8 Qf6 37. Rxf8+ Kxf8 38. Qxb4+ Kg7 0-1

[Event "*** Titled Tuesday 3|2 Blitz"]
[Site "Chess.com"]
[Date "2014.12.30"]
[Round "2"]
[White "MattyDPerrine"]
[Black "esr44"]
[Result "0-1"]
[WhiteElo "1976"]
[BlackElo "1995"]
[TimeControl "180+2"]
[EndTime "11:20:20 PST"]
[Termination "esr44 won by resignation"]

1. d4 d5 2. c4 e6 3. Nc3 Nf6 4.
cxd5 exd5 5. Bg5 c6 6. Qc2 g6 7. e3 Bf5 8. Bd3 Bxd3 9. Qxd3 Bg7 10. Nge2 O-O 11. O-O Nbd7 12. b4 b5 13. a4 a6 14.
a5 Rc8 15. f3 Qe8 16. e4 dxe4 17. fxe4 h6 18. Bf4 Qe7 19. Ng3 Qxb4 20. h4 Ng4 21. e5 c5 22. Nd5 Qxd4+ 23. Qxd4 cxd4 24. Ne7+ Kh7 25. Nxc8 Rxc8 26. Rfc1 Rc4 27. Nf1 Ndxe5 28. Bxe5 Bxe5 29. Nd2 Rb4 30. Rc6 d3 31. Rf1 Bd4+ 32.
Kh1 Kg7 33. Rf3 Be3 34. Rc7 Bf4 35. Ra7 Ne5 36. Rf1 Bxd2 37. g3 Rd4 0-1

[Event "*** Titled Tuesday 3|2 Blitz"]
[Site "Chess.com"]
[Date "2014.12.30"]
[Round "2"]
[White "David_Klein"]
[Black "GM_Barcenilla"]
[Result "1-0"]
[WhiteElo "2372"]
[BlackElo "2553"]
[TimeControl "180+2"]
[EndTime "11:20:30 PST"]
[Termination "David_Klein won by resignation"]

1. g3 g6 2. Bg2 Bg7 3. d3 d6 4. Nf3 e5 5. e4 Nc6 6. c3 Nge7 7. Nbd2 h6 8. b4 a6 9. Rb1 Be6 10. a4 Qd7 11. Qe2 O-O 12. h4 b5 13.
Nf1 bxa4 14. h5 g5 15. Nxg5 hxg5 16. h6 f6 17. hxg7 Kxg7 18. f4 gxf4 19. gxf4 exf4 20.
Bxf4 Rh8 21. Ne3 Rxh1+ 22. Bxh1 Ne5 23. Kd2 N7g6 24. Rg1 Kf7 25. Bxe5 dxe5 26. Qh5 Rg8 27. Nf5 a3 28. Nh6+ Kf8 29. Nxg8 Qxd3+ 30. Kxd3 Nf4+ 31.
Kc2 Nxh5 32. Nh6 a2 33. Kb2 Nf4 34. Rd1 Nh3 35. Bg2 Nf4 36. Bf3 Bc4 37. Nf5 Nd3+ 38. Rxd3 Bxd3 39. Kxa2 1-0

[Event "*** Titled Tuesday 3|2 Blitz"]
[Site "Chess.com"]
[Date "2014.12.30"]
[Round "2"]
[White "ameet100"]
[Black "jlandaw"]
[Result "1-0"]
[WhiteElo "2399"]
[BlackElo "2326"]
[TimeControl "180+2"]
[EndTime "11:20:31 PST"]
[Termination "ameet100 won by resignation"]

1. Nf3 d5 2. g3 Nf6 3. Bg2 c5 4.
O-O Nc6 5. d3 e6 6. Nbd2 b5 7. e4 Be7 8. Re1 Bb7 9. c3 a5 10. e5 Nd7 11. h4 Qc7 12. Qe2 b4 13.
Nf1 a4 14. a3 Na5 15. Bg5 Nb6 16. Ne3 Nb3 17. Rad1 Ba6 18. c4 Rd8 19. cxd5 Nxd5 20.
Nc4 Bxc4 21. dxc4 Nb6 22. Rxd8+ Bxd8 23. Bxd8 Qxd8 24. Rd1 Qc7 25. Ng5 O-O 26. Qe4 g6 27. h5 Rd8 28. Rxd8+ Qxd8 29. Qf4 Qd1+ 30. Bf1 Qd7 31.
Ne4 Qd4 32. h6 f5 33. exf6 Nxc4 34. Qb8+ Kf7 35. Qc7+ 1-0

[Event "*** Titled Tuesday 3|2 Blitz"]
[Site "Chess.com"]
[Date "2014.12.30"]
[Round "2"]
[White "ItalianMachine"]
[Black "crisfoisor"]
[Result "1-0"]
[WhiteElo "2170"]
[BlackElo "2067"]
[TimeControl "180+2"]
[EndTime "11:20:45 PST"]
[Termination "ItalianMachine won on time"]

1. e4 c5 2. Nf3 a6 3. c3 g6 4. d4 cxd4 5. cxd4 d5 6. e5 Bg7 7. h3 Nc6 8. Nc3 Nh6 9. Qb3 e6 10. Bg5 Qa5 11. g4 Ng8 12. Bd2 Qd8 13. Bg2 Nge7 14.
O-O h5 15. Bg5 hxg4 16. hxg4 O-O 17. Rfd1 f6 18. exf6 Bxf6 19. Bxf6 Rxf6 20. Ne2 Qf8 21. Qe3 Bd7 22. Rac1 Rc8 23. Kh2 Qg7 24. Rh1 Rcf8 25. Rcf1 Na5 26. b3 Nac6 27. Ng5 Nb4 28. Kg3 Nc2 29.
Qd2 Nf5+ 30. gxf5 Rxf5 31. f4 Bb5 32. Qxc2 Rxg5+ 33. fxg5 1-0

[Event "*** Titled Tuesday 3|2 Blitz"]
[Site "Chess.com"]
[Date "2014.12.30"]
[Round "2"]
[White "swayamsm"]
[Black "DARIO555"]
[Result "0-1"]
[WhiteElo "2309"]
[BlackElo "2220"]
[TimeControl "180+2"]
[EndTime "11:20:50 PST"]
[Termination "DARIO555 won by resignation"]

1. d4 d6 2. c4 e5 3. Nf3 e4 4.
Nfd2 f5 5. Nc3 Nf6 6. e3 c6 7. b4 Na6 8. Qb3 Be6 9. b5 Nc7 10. a4 Be7 11. Be2 O-O 12. g3 c5 13. d5 Bf7 14. a5 Bh5 15. Ba3 b6 16. Bb2 Bxe2 17.
Nxe2 Ng4 18. Nf4 Bf6 19. O-O Bxb2 20. Qxb2 Qe7 21. axb6 axb6 22. Rxa8 Rxa8 23. Ra1 Rxa1+ 24. Qxa1 Ne5 25. Qa7 Kf7 26. Qxb6 g5 27. Ne2 Nf3+ 28.
Nxf3 exf3 29. Nc3 Ne8 30. Qa5 f4 31. Nd1 Qe4 32. Qd2 Qxc4 33. exf4 Qe2 34. Qxe2 fxe2 35. Ne3 e1=Q+ 36. Kg2 gxf4 37. gxf4 Nf6 38. b6 Qb4 39. Nf5 Qxb6 40. Kg3 c4 41. Ne3 0-1

[Event "*** Titled Tuesday 3|2 Blitz"]
[Site "Chess.com"]
[Date "2014.12.30"]
[Round "2"]
[White "Carolina-moon"]
[Black "ChessWarrior7197"]
[Result "1-0"]
[WhiteElo "1909"]
[BlackElo "1974"]
[TimeControl "180+2"]
[EndTime "11:21:01 PST"]
[Termination "Carolina-moon won by checkmate"]

1. e4 e5 2. Nf3 Nc6 3. Bb5 Nf6 4.
d3 Ne7 5. O-O Ng6 6. c3 c6 7. Ba4 d6 8. h3 Be7 9. b4 O-O 10. Be3 h6 11. Nbd2 Be6 12. Bb3 d5 13. a4 a5 14. bxa5 Qxa5 15. Qc2 Rfd8 16. Rfe1 Qc7 17. d4 c5 18. dxe5 c4 19. exf6 cxb3 20.
Nxb3 Bxf6 21. Nbd4 dxe4 22. Nxe6 fxe6 23. Qxe4 Nf8 24.
Bd4 Bxd4 25. cxd4 Qd7 26. a5 Qb5 27. Rab1 Qxa5 28. Rxb7 Rd5 29. Qg4 Rg5 30. Qe4 Rg6 31. Ne5 Rf6 32. Reb1 Ra7 33. Rb8 Qd2 34. Ng4 Rff7 35.
Qxe6 Qxd4 36. Rxf8+ Kh7 37. Rxf7 Rxf7 38. Qxf7 Qd3 39.
Re1 Qc3 40. Qe6 Qb4 41. Qe4+ Qxe4 42. Rxe4 h5 43. Ne3 g6 44. g4 hxg4 45. hxg4 Kg7 46. g5 Kf7 47. Nd5 Kf8 48. Re7 Kg8 49. Kg2 Kf8 50. Kf3 Kg8 51. Ke4 Kf8 52. Ke5 Kg8 53. Kf6 Kf8 54. Kxg6 Kg8 55. Re8# 1-0

[Event "*** Titled Tuesday 3|2 Blitz"]
[Site "Chess.com"]
[Date "2014.12.30"]
[Round "2"]
[White "Squirlolz"]
[Black "IMRosen"]
[Result "0-1"]
[WhiteElo "2119"]
[BlackElo "2029"]
[TimeControl "180+2"]
[EndTime "11:21:30 PST"]
[Termination "IMRosen won by resignation"]

1. e4 c5 2. Nc3 e6 3. f4 a6 4. Nf3 Nc6 5. d3 b5 6. g4 b4 7. Ne2 d5 8. Ng3 dxe4 9. dxe4 Qxd1+ 10. Kxd1 Bb7 11. Be3 O-O-O+ 12. Ke2 Nf6 13. g5 Nd7 14.
Rd1 Be7 15. h4 Nb6 16. Bg2 Kc7 17. e5 a5 18. Ne4 c4 19. Bc5 Bxc5 20. Nxc5 Nd5 21.
Kf2 Nxf4 22. Nxb7 Kxb7 23. Rxd8 Rxd8 24. Bf1 c3 25. bxc3 bxc3 26. Bb5 Nb4 27. Rb1 Kc7 28. Rb3 Nfd5 29. Bc4 a4 30. Ra3 Ra8 31. Bxd5 Nxd5 32. Nd4 Kb6 33. Ne2 Kc5 34. Nxc3 Kb4 35. Rxa4+ Rxa4 36. Nxa4 Kxa4 37. Ke2 Nb4 38. c4 Nxa2 39. Kd3 Ka5 40.
Kd4 Kb6 41. h5 Kc6 42. h6 g6 43. Kd3 Kc5 44. Ke4 Kxc4 45. Kf4 Kd4 0-1

[Event "*** Titled Tuesday 3|2 Blitz"]
[Site "Chess.com"]
[Date "2014.12.30"]
[Round "2"]
[White "DanielRensch"]
[Black "FairChess_on_YouTube"]
[Result "0-1"]
[WhiteElo "2344"]
[BlackElo "2707"]
[TimeControl "180+2"]
[EndTime "11:21:31 PST"]
[Termination "FairChess_on_YouTube won by resignation"]

1. d4 d5 2. Nc3 Bf5 3. Bf4 Nf6 4. f3 e6 5. g4 Bg6 6. h4 h6 7. h5 Bh7 8. e3 Bd6 9. Bd3 Nc6 10. Nge2 Qd7 11.
a3 O-O-O 12. Bxh7 Nxh7 13. Qd3 Ng5 14. Bxg5 hxg5 15. O-O-O Na5 16. e4 Qc6 17. exd5 exd5 18. Qf5+ Kb8 19. Kb1 Nc4 20. Qxd5 Qxd5 21. Nxd5 Bxa3 22.
b3 Nb2 23. c4 Nxd1 24. Rxd1 Rhe8 25. Ng3 c6 26. Nc3 Re3 27. Kc2 Rxf3 28. Nge4 Bb4 29. d5 Bxc3 30. Nxc3 cxd5 31. Nxd5 Re8 32. Kb2 Re4 33.
Nc3 Rxg4 34. Nb5 b6 35. Rd8+ Kb7 36. Rd7+ Kc8 37. Rxa7 Rg2+ 38. Ka3 Rd2 39. Ra8+ Kd7 40. Ra7+ Ke6 41. Nc7+ Ke5 42. Ne8 Rdd3 43. Re7+ Kd4 44.
Rd7+ Kc3 45. Rb7 Kc2 0-1

[Event "*** Titled Tuesday 3|2 Blitz"]
[Site "Chess.com"]
[Date "2014.12.30"]
[Round "2"]
[White "MbMaster"]
[Black "oggy1984"]
[Result "1-0"]
[WhiteElo "2118"]
[BlackElo "2143"]
[TimeControl "180+2"]
[EndTime "11:21:32 PST"]
[Termination "MbMaster won by resignation"]

1. Nf3 Nf6 2. g3 b6 3. Bg2 Bb7 4. O-O e6 5. c4 Be7 6. Nc3 O-O 7. b3 d5 8. cxd5 exd5 9. d4 Nbd7 10. Bb2 Re8 11. Rc1 a6 12. Re1 Bd6 13. e3 Qe7 14. Ne2 Ne4 15. Nf4 Rad8 16. Nd3 c5 17. dxc5 bxc5 18.
Qc2 Rc8 19. Nf4 Ndf6 20. Nd2 Be5 21. Nxe4 Nxe4 22. Bxe5 Qxe5 23. Bxe4 dxe4 24. Qc3 Qf5 25. Red1 h5 26. h4 g6 27. Rd6 Qg4 28. Rcd1 c4 29. Nxg6 fxg6 30. Rd7 Qxd1+ 31. Rxd1 Re7 32. bxc4 Rcc7 33.
c5 Bc6 34. Rd8+ Kf7 35. Rd6 Re6 36. Qd4 Rce7 37. Qh8 Re8 38. Qh7+ Kf6 39. Qc7 Bb5 40. c6 Rxd6 41. Qxd6+ Re6 42. Qd8+ Kf7 43. c7 1-0

[Event "*** Titled Tuesday 3|2 Blitz"]
[Site "Chess.com"]
[Date "2014.12.30"]
[Round "2"]
[White "exoticprincess"]
[Black "hitaman"]
[Result "1-0"]
[WhiteElo "2617"]
[BlackElo "2395"]
[TimeControl "180+2"]
[EndTime "11:21:37 PST"]
[Termination "exoticprincess won by resignation"]

1. b3 e5 2. Bb2 Nc6 3. Bc1 g6 4. Bb2 Bg7 5. e3 Nge7 6. Nf3 O-O 7. Bb5 d5 8. O-O a6 9. Bxc6 Nxc6 10. d3 f5 11. Nbd2 Be6 12. Rb1 a5 13. a3 d4 14.
Re1 Re8 15. h3 h6 16. e4 f4 17. c3 g5 18. cxd4 exd4 19. Nh2 Qe7 20. Rc1 Qf7 21. Nhf3 Rad8 22. Rc5 Kh8 23. Qa1 Bxb3 24. Rxc6 bxc6 25. Nxd4 Bxd4 26. Bxd4+ Kh7 27. Qc3 a4 28. Nf3 Re6 29.
Ne5 Qg7 30. Nf3 Qf7 31. Bc5 Qd7 32. Ne5 Qg7 33. d4 h5 34. Qf3 Kh6 35. h4 gxh4 36.
Qxf4+ Kh7 37. Qf5+ Rg6 38. Re3 Rg8 39. Nxg6 Qxg6 40. Qxg6+ Rxg6 41. Rh3 Re6 42. Rxh4 Kg6 43. f3 Re8 44. Kf2 Bc2 45. g4 hxg4 46. Rxg4+ Kf6 47. Ke3 Bb1 48. Rh4 Kg6 49. Rh1 Bc2 50. Rc1 Bb3 51.
f4 Bd5 52. Rg1+ Kf7 53. e5 Rg8 54. Rxg8 Kxg8 55. f5 Kf7 56. Kf4 Bb3 57. e6+ Kf6 58. d5 1-0

[Event "*** Titled Tuesday 3|2 Blitz"]
[Site "Chess.com"]
[Date "2014.12.30"]
[Round "2"]
[White "kharposh"]
[Black "Tilicheev_Viacheslav"]
[Result "0-1"]
[WhiteElo "2012"]
[BlackElo "2387"]
[TimeControl "180+2"]
[EndTime "11:21:42 PST"]
[Termination "Tilicheev_Viacheslav won by resignation"]

1. d4 d5 2. c4 e5 3. dxe5 d4 4. Nf3 Nc6 5. g3 Nge7 6. Bg2 Ng6 7.
O-O Ngxe5 8. Nxe5 Nxe5 9. e3 dxe3 10. Qxd8+ Kxd8 11. Bxe3 Nxc4 12. Rd1+ Bd6 13. Bd4 f6 14. b3 Ne5 15. Bc5 Bg4 16. Rd2 Bf3 17. Nc3 Ke7 18. Bxd6+ cxd6 19. Nd5+ Kd7 20. Ne3 g6 21. Nc4 Nxc4 22. bxc4 Bxg2 23. Kxg2 Rac8 24. Rad1 Rc6 25. c5 Rd8 26. cxd6 b5 27. Rb1 a6 28. a4 Rb8 29.
Rd5 Rxd6 30. Rc5 b4 31. a5 Rc6 32. Rd1+ Kc7 33. Rcd5 Rc2 34. Rd7+ Kc6 35. Rxh7 b3 36. Ra7 b2 37. Rxa6+ Kb5 38. Rb6+ Rxb6 39. axb6 Kxb6 40. Rd8 Kc7 41. Rd4 b1=Q 42. Rf4 f5 43. h4 Qb7+ 44. Kh2 Rc1 45. f3 Qb2+ 0-1

[Event "*** Titled Tuesday 3|2 Blitz"]
[Site "Chess.com"]
[Date "2014.12.30"]
[Round "2"]
[White "VovAn1991"]
[Black "Dr-Bassem"]
[Result "1-0"]
[WhiteElo "2416"]
[BlackElo "2366"]
[TimeControl "180+2"]
[EndTime "11:21:44 PST"]
[Termination "VovAn1991 won on time"]

1. e4 e5 2. Nf3 Nc6 3. Bc4 Nf6 4.
O-O Nxe4 5. d4 d5 6. Bb5 exd4 7. Nxd4 Bd7 8. c4 Bc5 9. Nb3 dxc4 10. Nxc5 Nxc5 11. Be3 Ne6 12. Bxc4 O-O 13. Nc3 Ne5 14. Bb3 Bc6 15. Qh5 Qf6 16. Bd5 Rad8 17. Rad1 Nf4 18.
Bxf4 Qxf4 19. Bxc6 Nxc6 20. Nd5 Qd6 21. Rfe1 Rfe8 22.
Ne3 Qe5 23. Qg4 Nd4 24. Nc2 Ne2+ 25. Kh1 Rxd1 26. Rxd1 Qxb2 27. Qxe2 Rf8 28. Qc4 g6 29. h3 c6 30. Kg1 Re8 31. Ne3 Re6 32. g3 h5 33. h4 b5 34. Qc5 Qxa2 35. Rd8+ Kh7 36. Qf8 Qa1+ 37. Kg2 Qg7 38. Qc5 a5 39. Rd7 Qf6 40.
Qf8 1-0